 Dungeon Crawl Stone Soup version 0.22.1-5-g62c59d919a (webtiles) character file.

1452 NochnoyZador the Insei (level 8, -3/57 HPs)
             Began as an Octopode Monk on Jan 12, 2019.
             Slain by PeterQ's ghost (4 damage)
             ... on level 3 of the Dungeon.
             The game lasted 00:29:03 (5504 turns).

NochnoyZador the Insei (Octopode Monk)              Turns: 5504, Time: 00:29:03

Health: -3/57      AC:  5    Str: 12      XL:     8   Next: 75%
Magic:  8/8        EV: 16    Int: 15      God:
Gold:   334        SH:  0    Dex: 18 (20) Spells: 7/7 levels left

rFire    . . .     SeeInvis .     - Unarmed
rCold    . . .     Gourm    +   (no shield)
rNeg     . . .     Faith    .   (helmet restricted)
rPois    .         Spirit   .   d - amulet of the gourmand
rElec    .         Reflect  .   e - ring of flight
rCorr    .         Harm     .   j - +3 ring of dexterity
MR       .....                  n - +4 ring of protection
Stlth    ++++......             v - +2 ring of intelligence
HPRegen  0.19/turn              y - +3 ring of dexterity
MPRegen  0.11/turn              (no ring)
                                (no ring)
                                (no ring)

@: lethally poisoned (-3 -> -24)
A: almost no armour, stealthy swim, amphibious, 8 rings, constrict 8, camouflage
1, gelatinous body 1
a: Evoke Flight


You were on level 3 of the Dungeon.
You were not hungry.

You visited 1 branch of the dungeon, and saw 5 of its levels.
You also visited: Sewer.

You collected 334 gold pieces.

Inventory:

Missiles
 g - 71 stones (quivered)
 u - 29 sling bullets
Magical Staves
 x - an uncursed staff of poison {unknown}
Jewellery
 d - an amulet of the gourmand (around mantle)
 e - a ring of flight (left tentacle)
 j - a +3 ring of dexterity (right tentacle)
 n - a +4 ring of protection (on tentacle)
 v - a +2 ring of intelligence (on tentacle)
 y - a +3 ring of dexterity (on tentacle)
Wands
 t - a wand of digging (16)
Scrolls
 b - 2 scrolls of remove curse
 c - a scroll of noise {unknown}
 h - 2 scrolls of identify {unknown}
 k - 2 scrolls of magic mapping {unknown}
 l - 2 scrolls of teleportation {unknown}
 q - 2 scrolls of blinking {unknown}
 r - a scroll of immolation {unknown}
 s - a scroll of amnesia {unknown}
Potions
 f - 4 potions of flight {unknown}
 i - a potion of ambrosia {unknown}
 o - a potion of haste {unknown}
 p - a potion of cancellation {unknown}
 w - a potion of agility {unknown}
Comestibles
 a - 8 rations


   Skills:
 * Level 5.9 Fighting
 * Level 5.1 Dodging
 * Level 6.2 Stealth
 * Level 7.7 Unarmed Combat


You had 7 spell levels left.
You didn't know any spells.
Your spell library contained the following spells:

 Spells                   Type           Power        Failure   Level  Hunger
 Animate Skeleton         Necr           N/A          26%         1    ##.....
 Magic Dart               Conj           #...         26%         1    ##.....
 Pain                     Necr           #...         26%         1    ##.....
 Blink                    Tloc           N/A          38%         2    ###....
 Call Imp                 Summ           #.......     38%         2    ###....
 Slow                     Hex            #.......     38%         2    ###....
 Conjure Flame            Conj/Fire      #.......     63%         3    ####...
 Mephitic Cloud           Conj/Pois/Air  #.......     63%         3    ####...
 Regeneration             Chrm/Necr      #.........   63%         3    ####...
 Vampiric Draining        Necr           #.........   63%         3    ####...
 Animate Dead             Necr           N/A          95%         4    #####..
 Bolt of Magma            Conj/Fire/Erth #.........   100%        5    ######.
 Iskenderun's Battlesphe  Conj/Chrm      #.......     100%        5    ######.
 Venom Bolt               Conj/Pois      #.........   100%        5    ######.
 Iron Shot                Conj/Erth      #.........   100%        6    #######
 Orb of Destruction       Conj           #.........   100%        7    #######
 Spellforged Servitor     Conj/Summ      #.........   100%        7    #######


Dungeon Overview and Level Annotations

Branches:
Dungeon (5/15)
 Temple: D:4-7

Altars:
Elyvilon
Gozag

Annotations:
D:3 1 transporter, PeterQ's ghost, novice GnEn
D:5 1 transporter, dracomuter's ghost, amateur DrTm


Innate Abilities, Weirdness & Mutations

You cannot wear most types of armour.
You are very stealthy in the water. (Stealth+)
You are amphibious.
You can wear up to eight rings at the same time.
You can use your tentacles to constrict eight enemies at once.
Your skin changes colour to match your surroundings (Stealth+).
Your rubbery body absorbs attacks. (AC +1, EV +1)


Message History

You feel sick. PeterQ's ghost hits you.
* * * LOW HITPOINT WARNING * * *
You are more poisoned.
You tentacle-slap PeterQ's ghost.
Your tentacle-slap misses PeterQ's ghost.
Your squeeze misses PeterQ's ghost.
PeterQ's ghost is moderately damaged.
* * * LOW HITPOINT WARNING * * *
You feel sick.
You bludgeon PeterQ's ghost! Your squeeze misses PeterQ's ghost.
PeterQ's ghost is heavily damaged.
* * * LOW HITPOINT WARNING * * *
You feel sick. PeterQ's ghost hits you.
* * * LOW HITPOINT WARNING * * *
You are more poisoned.
You tentacle-slap PeterQ's ghost.
PeterQ's ghost is heavily damaged.
* * * LOW HITPOINT WARNING * * *
You feel sick. PeterQ's ghost hits you.
You die...

# #..# ##.#...#.#..#.....# ###..#
#..#...#.#.)#.....# .#...##
#.##.#.....##.....# .#.#..#
#.#.#...#..#....^.# ....#.#
#.#...#©.).#©.....#
......###.##.....#.#......#
......##..©#.#...#.##.....#######
####..##..##..##.#..#...........#
......(...#...#.@W#.#.########.##
..........##....#..##.# ##....#
.##........##..©...#..####..####
.##.##......#####.##.......##
....##).........###.......##
..........[...............#
#.##...........#..........#
#.#####....#.#.#..######### ..#
#.##.#.#.#.##


You could see PeterQ's ghost.

Vanquished Creatures
  Pikel (D:5)
  Menkaure (D:5)
  2 bullfrogs
  2 howler monkeys
  A crimson imp (D:5)
  2 quasits (D:3)
  A centaur zombie (D:5)
  2 orc priests (D:4)
  3 orc wizards (D:4)
  An iguana (D:4)
  Ijyb (D:5)
  A worker ant (D:5)
  A hound skeleton (D:4)
  4 gnolls (D:5)
  10 adders
  A shadow imp (D:5)
  9 oozes (Sewer)
  A worm (D:2)
  5 dart slugs
  15 leopard geckos
  16 orcs
  5 bats
  19 giant cockroaches
  6 goblins
  4 hobgoblins
  2 jackals (D:4)
  6 quokkas
  9 ball pythons
  8 frilled lizards (Sewer)
  4 kobolds
  6 rats
149 creatures vanquished.

Vanquished Creatures (others)
  A slave (D:5)
  A hound zombie (D:5)
  An adder (D:5)
3 creatures vanquished.

Grand Total: 152 creatures vanquished

Notes
Turn   | Place    | Note
-------+----------+-------------------------------------------
     0 | D:1      | NochnoyZador the Octopode Monk began the quest for the Orb.
     0 | D:1      | Reached XP level 1. HP: 16/16 MP: 1/1
   122 | D:1      | Reached XP level 2. HP: 17/21 MP: 2/2
   664 | D:2      | Reached XP level 3. HP: 26/26 MP: 3/3
  1030 | D:2      | You fall through a shaft!
  1046 | D:3      | Found a transporter.
  1049 | D:3      | Noticed PeterQ's ghost (novice GnEn)
  1080 | D:3      | Found a transporter.
  1153 | D:3      | Reached XP level 4. HP: 29/33 MP: 4/4
  1426 | D:3      | Found a glowing drain.
  1438 | Sewer    | Entered a sewer
  1710 | Sewer    | Reached XP level 5. HP: 36/38 MP: 5/5
  1716 | Sewer    | Reached skill level 5 in Fighting
  2214 | Sewer    | Reached skill level 4 in Unarmed Combat
  2214 | Sewer    | Reached XP level 6. HP: 19/45 MP: 6/6
  3568 | D:4      | Reached skill level 5 in Unarmed Combat
  3568 | D:4      | Reached XP level 7. HP: 41/50 MP: 7/7
  3827 | D:4      | Found a white marble altar of Elyvilon.
  3928 | D:4      | Found an opulent altar of Gozag.
  4273 | D:5      | Entered Level 5 of the Dungeon
  4273 | D:5      | Noticed Ijyb
  4282 | D:5      | Killed Ijyb
  4282 | D:5      | Reached skill level 5 in Stealth
  4302 | D:5      | Noticed dracomuter's ghost (amateur DrTm)
  4365 | D:5      | Found a transporter.
  4430 | D:5      | Reached skill level 6 in Unarmed Combat
  4489 | D:5      | Noticed Pikel
  4501 | D:5      | Killed Pikel
  4501 | D:5      | Reached skill level 5 in Dodging
  4501 | D:5      | Reached skill level 7 in Unarmed Combat
  4501 | D:5      | Reached XP level 8. HP: 11/57 MP: 8/8
  4786 | D:5      | Noticed Menkaure
  4799 | D:5      | Killed Menkaure
  5504 | D:3      | HP: 1/57 [poisoned by PeterQ's ghost]
  5504 | D:3      | Slain by PeterQ's ghost

Skill      XL: |  1  2  3  4  5  6  7 |
---------------+----------------------+-----
Stealth        | 3 4 6 |  6.2
Fighting       | 4 5 |  5.9
Unarmed Combat | 4 5 7 |  7.7
Dodging        | 4 5 |  5.1

Action                   |  1- 3 |  4- 6 |  7- 9 || total
-------------------------+-------+-------+-------++-------
Melee: Unarmed           |    70 |   203 |   126 ||   399
       Constrict         |    16 |    46 |    32 ||    94
       Tentacles         |    15 |    45 |    32 ||    92
       Punch             |     3 |     8 |    10 ||    21
  Use: Scroll            |     1 |       |     1 ||     2
       Potion            |       |       |     3 ||     3
 Stab: Sleeping          |     9 |    10 |     1 ||    20
       Distracted        |       |       |     1 ||     1
  Eat: Chunk             |    17 |     6 |     2 ||    25
Armor: Skin              |     7 |    17 |    41 ||    65
Dodge: Dodged            |    38 |   160 |   111 ||   309
